 Dungeon Crawl Stone Soup version 0.28.0-53-g5a82cb258f (webtiles) character file.

Game seed: 15292730753032968674

7 Descartes the Chopper (level 1, 0/18 HPs)
             Began as a Minotaur Warper on June 25, 2022.
             Slain by a worm (8 damage)
             ... on level 2 of the Dungeon.
             The game lasted 00:00:46 (331 turns).

Descartes the Chopper (Minotaur Warper)              Turns: 331, Time: 00:00:46

Health: 0/18       AC:  3    Str: 15    XL:     1   Next: 91%
Magic:  1/2        EV: 11    Int: 10    God:
Gold:   13         SH:  0    Dex:  9    Spells: 3/3 levels left

rFire   . . .      SeeInvis .   a - +0 hand axe
rCold   . . .      Faith    .   (no shield)
rNeg    . . .      Spirit   .   b - +0 leather armour
rPois   .          Reflect  .   (helmet restricted)
rElec   .          Harm     .   (no cloak)
rCorr   .          Rampage  .   (no gloves)
Will    .....                   (no boots)
Stlth   +.........              (no amulet)
HPRegen 0.06/turn               (no ring)
MPRegen 0.08/turn               (no ring)

@: no status effects
A: horns 2, retaliatory headbutt
a: no special abilities


You were on level 2 of the Dungeon.
You visited 1 branch of the dungeon, and saw 2 of its levels.

You collected 13 gold pieces.

Inventory:

Hand Weapons
 a - a +0 hand axe (weapon)
Missiles
 d - 5 boomerangs of dispersal (quivered)
Armour
 b - a +0 leather armour (worn)
Scrolls
 c - a scroll of blinking
 f - a scroll of noise {unknown}
 g - a scroll of amnesia {unknown}
Potions
 e - a potion of haste {unknown}


   Skills:
 + Level 2.5 Fighting
 + Level 2.5 Axes
 - Level 1.0 Throwing
 + Level 1.4 Armour
 - Level 2.1 Dodging
 + Level 0.6 Shields
 + Level 1.5 Spellcasting
 + Level 2.2 Translocations


You had 3 spell levels left.
You didn't know any spells.
Your spell library contained the following spells:

 Spells                   Type           Power      Damage    Failure   Level
 Blink                    Tloc           10%        N/A       24%         2
 Gell's Gravitas          Tloc           5%         N/A       43%         3
 Lesser Beckoning         Tloc           5%         N/A       43%         3
 Teleport Other           Tloc           5%         N/A       43%         3
 Manifold Assault         Tloc           5%         N/A       99%         5


Dungeon Overview and Level Annotations

Branches:
Dungeon (1/15)

Altars:


Innate Abilities, Weirdness & Mutations

You have a pair of horns on your head.
You reflexively headbutt those who attack you in melee.


Message History

A worm comes into view.
Unknown command.
The worm barely misses you. You furiously retaliate!
You headbutt the worm. You hit the worm but do no damage.
Your headbutt misses the worm.
The worm is moderately wounded.
A worm comes into view.
You hit the worm.
You headbutt the worm, but do no damage.
The worm is moderately wounded.
The worm closely misses you.
You hit the worm.
The worm is moderately wounded.
The worm bites you.
You hit the worm but do no damage. Your headbutt misses the worm.
The worm is moderately wounded.
The worm bites you.
You are too injured to fight recklessly!
You are too injured to fight recklessly!
You are too injured to fight recklessly!
You are too injured to fight recklessly!
You are too injured to fight recklessly!
You are too injured to fight recklessly!
You are too injured to fight recklessly!
You hit the worm.
The worm is heavily wounded.
You hit the worm. You headbutt the worm.
You kill the worm!
You barely miss the worm. The worm barely misses you.
You hit the worm.
The worm is lightly wounded.
You hit the worm.
The worm is moderately wounded.
The worm bites you.
You barely miss the worm. You headbutt the worm.
The worm is moderately wounded.
The worm closely misses you.
You hit the worm.
The worm is moderately wounded.
The worm bites you!
You die...

#.. ..# #.# #.# ###
#.# #
#.#####.########.##.#
#...................#
#######.########.####
#...<.........#
#.##.##########
#.##.# #@##.# #w##.#
.....# ##.#### #.#
#.# #.# ..#


You could see a worm.

Vanquished Creatures
  A worm (D:2)
  An endoplasm (D:1)
  2 kobolds (D:1)
4 creatures vanquished.

Vanquished Creatures (others)
  4 toadstools (D:1)
4 creatures vanquished.

Grand Total: 8 creatures vanquished

Notes
Turn   | Place    | Note
-------+----------+-------------------------------------------
     0 | D:1      | Descartes the Minotaur Warper began the quest for the Orb.
     0 | D:1      | Reached XP level 1. HP: 18/18 MP: 1/1
   288 | D:1      | You fall into a shaft and drop 1 floor!
   331 | D:2      | Slain by a worm

Illustrated notes

Levels and vault maps discovered:
D:1:      ldierk_water_garden, layout_loops_corners,
          dilly_ecumenical_altar_fadedgnrine
D:2:      layout_loops_ring

Action                   || total
-------------------------++-------
Melee: Hand axe          ||    17
       Headbutt          ||     5
Armor: Leather armour    ||     2
Dodge: Dodged            ||     6
